Map: Efflorescence LE

Players

Wiseguy

  • Race: Zerg Zerg
  • Spawn Location: 9:00

Divus

  • Race: Zerg Zerg
  • League: Diamond
  • Spawn Location: 6:00

Massa - Winner!

  • Race: Terran Terran
  • League: Platinum
  • Spawn Location: 12:00

qqq - Winner!

  • Race: Zerg Zerg
  • Spawn Location: 3:00

VOD

Have the link to the VOD?

Description

Time

  • Played on: Feb. 19, 2021, 12:22 p.m.
  • Length: 5:38
Show
View Real Time Build Order
Export as new Build Order

Wiseguy Zerg 

Build Orders: Pool First 

Get SALT Encoding   

  12  0:01  Drone  
  13  0:08  Drone  
  14  0:17  Overlord  
  14  0:35  Drone  
  14  0:36  Drone x2  
  17  0:48  Drone  
  17  0:49  Extractor  
  17  0:59  Spawning Pool  
  17  1:01  Drone  
  17  1:09  Drone  
  18  1:21  Drone  
  19  1:29  Hatchery  
  18  1:32  Drone  
  19  1:46  Queen  
  21  1:47  Drone  
  21  1:53  Metabolic Boost  
  22  2:16  Overlord x2  
  22  2:19  Extractor  
  21  2:30  Evolution Chamber  
  21  2:32  Drone x2  
  21  2:34  Queen  
  24  2:49  Drone  
  24  2:50  Drone x2  
  27  2:59  Zerg Ground Armor Level 1  
  27  3:01  Evolution Chamber  
  27  3:02  Drone  
  27  3:22  Zergling x10  
  32  3:37  Zergling x4  
  32  3:38  Zerg Melee Weapons Level 1  
  34  3:48  Overlord x2  
  34  3:50  Zergling x2  
  35  3:57  Spore Crawler  
  35  4:02  Baneling Nest  
  33  4:04  Drone  
  34  4:16  Zergling x6  
  36  4:26  Zergling x2  
  36  4:27  Zergling x4  
Show
View Real Time Build Order
Export as new Build Order

Divus Zerg 

Build Orders: Hatch First 

Get SALT Encoding   

  12  0:01  Drone  
  13  0:13  Overlord  
  13  0:19  Drone  
  14  0:31  Drone x2  
  14  0:35  Drone  
  17  0:56  Hatchery  
  16  0:57  Drone  
  16  1:01  Drone  
  18  1:04  Extractor  
  17  1:18  Spawning Pool  
  16  1:20  Drone  
  17  1:26  Drone  
  17  1:28  Drone  
  19  1:41  Overlord  
  19  2:04  Zergling x4  
  19  2:05  Queen  
  19  2:06  Metabolic Boost  
  23  2:09  Queen  
  23  2:13  Drone  
  26  2:18  Drone  
  26  2:21  Drone  
  28  2:27  Drone  
  29  2:31  Drone  
  29  2:32  Drone  
  31  2:40  Drone  
  31  2:42  Lair  
  32  2:46  Drone  
  32  2:51  Drone  
  34  2:56  Roach Warren  
  33  3:02  Overlord  
  33  3:04  Drone  
  34  3:07  Drone  
  36  3:20  Drone  
  36  3:21  Drone x6  
  36  3:25  Extractor  
  36  3:27  Overlord  
  41  3:31  Zergling x2  
  42  3:38  Drone  
  43  3:42  Zergling x2  
  44  3:53  Drone x3  
  47  3:58  Spire  
  47  4:01  Overlord x2  
  46  4:07  Extractor  
  45  4:11  Extractor  
  45  4:13  Spine Crawler  
  43  4:23  Roach x5  
  43  4:24  Roach  
  54  4:25  Roach  
  54  4:30  Roach  
  58  4:33  Zergling x2  
  57  4:50  Zergling x4  
  57  4:51  Zergling x4  
  55  5:08  Zergling x2  
  55  5:09  Zergling x8  
Show
View Real Time Build Order
Export as new Build Order

Massa Terran - Winner!

Build Orders:  

Get SALT Encoding   

  12  0:00  SCV  
  13  0:12  SCV  
  14  0:18  Supply Depot  
  14  0:24  SCV  
  15  0:39  SCV  
  15  0:40  Barracks  
  16  0:47  Refinery  
  16  0:52  SCV  
  16  0:56  Supply Depot  
  17  1:04  SCV  
  18  1:16  SCV  
  18  1:17  Barracks  
  19  1:30  Barracks  
  19  1:33  Marine  
  19  1:37  SCV  
  21  1:49  Orbital Command  
  21  1:59  Barracks Tech Lab  
  21  2:04  Marine  
  22  2:08  Supply Depot  
  22  2:16  Marine  
  22  2:18  Marine  
  22  2:20  Stimpack  
  22  2:22  Marine  
  25  2:34  Marine  
  25  2:36  Marauder  
  28  2:42  Marine  
  29  2:52  Marine  
  29  2:56  Supply Depot  
  29  2:58  Marauder  
  32  3:00  Marine  
  33  3:10  Marine  
  34  3:18  Marine  
  34  3:19  Marauder  
  37  3:23  Supply Depot  
  37  3:27  Marine  
  38  3:35  Marine  
  38  3:41  Marauder  
  41  3:45  Marine  
  42  3:53  Marine  
  43  4:02  Marauder  
  45  4:03  Marine  
  46  4:11  Marine  
  47  4:21  Marine  
  47  4:23  Marauder  
  50  4:27  Command Center  
  50  4:29  Marine  
  51  4:39  Marine  
  51  4:45  Marauder  
  52  4:54  Marine  
  52  4:56  Marine  
  53  5:06  Marauder  
  51  5:12  Marine  
  48  5:18  Marine  
Show
View Real Time Build Order
Export as new Build Order

qqq Zerg - Winner!

Build Orders: Hatch First, Zergling Baneling 

Get SALT Encoding   

  12  0:00  Drone  
  13  0:08  Drone  
  14  0:26  Overlord  
  14  0:45  Hatchery  
  14  0:49  Drone  
  14  0:59  Drone x2  
  16  1:15  Spawning Pool  
  16  1:17  Extractor  
  14  1:20  Drone  
  15  1:27  Drone  
  15  1:28  Drone  
  17  1:56  Drone  
  18  2:01  Queen  
  18  2:02  Queen  
  18  2:03  Zergling x2  
  18  2:05  Zergling x2  
  24  2:08  Zergling x2  
  25  2:17  Drone  
  25  2:19  Drone  
  25  2:21  Drone  
  28  2:28  Metabolic Boost  
  28  2:35  Overlord  
  28  2:42  Overlord  
  28  2:51  Baneling Nest  
  28  2:52  Drone  
  28  2:58  Drone x2  
  28  3:05  Zergling x2  
  31  3:06  Zergling x2  
  31  3:09  Zergling x2  
  33  3:15  Zergling x2  
  33  3:16  Zergling x2  
  33  3:18  Drone  
  36  3:21  Zergling x2  
  37  3:32  Zergling x6  
  40  3:36  Drone x2  
  42  3:42  Drone  
  42  3:43  Evolution Chamber  
  42  3:44  Drone  
  43  3:55  Baneling  
  43  3:56  Baneling x6  
  43  3:58  Zergling x2  
  43  4:02  Overlord  
  44  4:07  Overlord  
  44  4:26  Zergling x2  
  44  4:27  Zergling x4  
  47  4:41  Zergling x6  
  47  4:45  Drone x3  
  51  4:46  Zergling x6  
  51  4:51  Baneling x3  
  51  4:52  Baneling x3  
  55  4:53  Zergling x4  
  48  5:06  Zergling x2  
  47  5:08  Drone, Zergling x2  
  49  5:25  Drone x2, Extractor  
Tags
 
Add a new tag
Caveats
  • Supply blocks, unpowered buildings, or Contaminate may cause inaccurate times.
  • Supply counts are checked every 10 seconds.